AoeStats
← Infadel

Arabia

510005450Analyzed
1v1 RM · 3d ago on Sep 29, 2026· 43m 48s· 2 players
Game mode
Random Map
Map size
Tiny (2 player)
Population
200
Speed
Normal
Resources
Standard
Victory
Conquest
Starting age
Dark Age
Ending age
Imperial Age
RankedLock teamsTeams togetherTeam positionsShared explorationLock speedFull tech treeHidden civsTurbo modeCheats
Victory
Defeat
🇮🇳 Mongols · India
1104
+16
🇧🇷 Cumans · Brazil
1110
-16
Infadel
9:38 Feudal Age
7:53 Loom
11:27 Double-Bit Axe
14:02 Horse Collar
15:17 Man-at-Arms
16:09 Fletching
18:25 Stone Mining
20:40 Bloodlines
22:01 Forging
24:30 Castle Age
22:54 Gold Mining
24:08 Scale Barding Armor
25:48 Bodkin Arrow
27:26 Wheelbarrow
26:36 Town Watch
29:23 Hand Cart
36:49 Imperial Age
34:59 Padded Archer Armor
35:35 Iron Casting
35:58 Gold Shaft Mining
35:59 Stone Shaft Mining
38:24 Leather Archer Armor
43:39 Imperial Age
42:05 Ballistics
theoschuler
9:09 Feudal Age
10:21 Loom
10:26 Double-Bit Axe
23:47 Castle Age
30:40 Fletching
31:22 Bodkin Arrow
34:38 Capped Ram
37:32 Padded Archer Armor
Connection lost

Rejoining the realm…

Still unreachable

The connection could not be restored.

Session expired

The server has moved on; the page needs a fresh start.